Map: Abyssal Reef LE

Players

TimeTwist - Winner!

  • Race: Zerg Zerg
  • Spawn Location: 5:00

Loken

  • Race: Protoss Protoss
  • League: Platinum
  • Spawn Location: 11:00

VOD

Have the link to the VOD?

Description

Time

  • Played on: March 15, 2017, 12:35 p.m.
  • Length: 11:00
Show
View Real Time Build Order
Export as new Build Order

TimeTwist Zerg - Winner!

Build Orders: Hatch First 

Get SALT Encoding   

  12  0:01  Drone  
  13  0:08  Drone  
  14  0:17  Overlord  
  14  0:36  Drone x3  
  17  0:47  Drone  
  18  0:59  Hatchery  
  18  1:03  Drone  
  18  1:14  Spawning Pool  
  18  1:17  Drone  
  18  1:20  Drone  
  19  1:31  Drone  
  20  1:41  Overlord  
  20  1:45  Extractor  
  19  1:51  Drone  
  20  2:02  Zergling x2  
  20  2:03  Queen  
  23  2:10  Queen  
  25  2:19  Roach Warren  
  25  2:22  Drone x2  
  26  2:24  Drone x2  
  28  2:42  Queen  
  30  2:45  Drone  
  30  2:46  Queen, Drone  
  30  2:48  Drone  
  35  3:00  Drone  
  35  3:01  Overlord  
  35  3:19  Hatchery  
  34  3:27  Drone x2  
  34  3:28  Drone x4  
  34  3:29  Drone  
  34  3:33  Drone  
  42  3:48  Drone  
  42  3:51  Spore Crawler  
  42  3:53  Spore Crawler  
  41  3:55  Extractor  
  40  4:14  Lair  
  40  4:19  Roach x2  
  40  4:20  Overlord x2  
  40  4:21  Overlord  
  44  4:53  Drone x3  
  44  4:54  Drone x2  
  44  4:55  Roach x4  
  44  4:56  Roach x5  
  67  5:00  Extractor  
  67  5:02  Extractor  
  67  5:06  Evolution Chamber  
  64  5:09  Evolution Chamber  
  63  5:16  Hydralisk Den  
  62  5:22  Drone x3  
  62  5:24  Roach x4  
  62  5:26  Overlord x2  
  73  5:32  Glial Reconstitution  
  73  5:45  Drone x2  
  73  5:46  Drone  
  73  5:47  Drone x2  
  78  5:54  Spore Crawler  
  78  5:55  Drone x3  
  80  5:58  Muscular Augments  
  80  6:02  Zerg Ground Armor Level 1  
  81  6:04  Drone x2  
  81  6:05  Drone  
  81  6:06  Drone  
  84  6:24  Hydralisk x2  
  84  6:25  Hydralisk  
  90  6:26  Overlord x2  
  90  6:33  Overlord x3  
  90  6:44  Overseer x2  
  88  7:08  Roach x2  
  88  7:09  Roach x6  
  88  7:12  Overseer  
  88  7:13  Queen  
  88  7:14  Spore Crawler  
  103  7:19  Drone x3  
  103  7:20  Queen  
  108  7:30  Drone  
  109  7:39  Hatchery  
  109  7:43  Zerg Missile Weapons Level 1  
  108  7:51  Hydralisk  
  108  7:52  Hydralisk x5  
  108  7:57  Burrow  
  120  7:59  Drone x4  
  124  8:18  Hydralisk x2  
  124  8:19  Hydralisk  
  130  8:20  Overlord  
  130  8:21  Overlord  
  130  8:36  Overseer  
  130  8:43  Drone x6  
  130  8:45  Extractor  
  130  8:47  Extractor  
  134  8:48  Drone  
  134  8:49  Drone x2  
  137  8:55  Hatchery  
  137  9:01  Drone  
  138  9:02  Drone  
  122  9:32  Hydralisk x4  
  122  9:33  Roach x4  
  122  9:34  Roach x6  
  122  9:35  Roach x4  
  142  9:44  Drone x2  
  142  9:45  Drone  
  145  10:01  Drone x2  
  145  10:02  Drone  
  148  10:11  Infestation Pit  
  148  10:13  Hatchery  
  145  10:22  Drone x2  
Show
View Real Time Build Order
Export as new Build Order

Loken Protoss 

Build Orders: 1 Gate Expand, Zealot Archon 

Get SALT Encoding   

  12  0:01  Probe (Chrono Boost)  
  13  0:12  Probe (Chrono Boost)  
  14  0:21  Pylon  
  14  0:23  Probe (Chrono Boost)  
  15  0:39  Probe (Chrono Boost)  
  16  0:45  Gateway  
  16  0:51  Probe (Chrono Boost)  
  17  1:02  Probe (Chrono Boost)  
  18  1:15  Nexus  
  18  1:25  Probe (Chrono Boost)  
  19  1:34  Cybernetics Core  
  19  1:37  Zealot  
  21  1:47  Pylon  
  21  1:51  Probe (Chrono Boost)  
  22  1:57  Assimilator  
  22  2:01  Assimilator  
  23  2:15  Probe (Chrono Boost)  
  23  2:20  Zealot  
  25  2:26  Probe (Chrono Boost)  
  25  2:28  Probe (Chrono Boost)  
  27  2:35  Warp Gate  
  27  2:36  Probe (Chrono Boost)  
  27  2:39  Probe (Chrono Boost)  
  28  2:52  Stalker, Gateway  
  28  2:54  Gateway  
  28  2:55  Probe (Chrono Boost)  
  31  2:59  Probe (Chrono Boost)  
  31  3:05  Probe (Chrono Boost)  
  33  3:10  Probe (Chrono Boost)  
  34  3:16  Probe (Chrono Boost)  
  34  3:19  Twilight Council  
  35  3:24  Pylon, Probe (Chrono Boost)  
  36  3:29  Mothership Core (Chrono Boost)  
  38  3:44  Stalker  
  38  3:45  Stalker  
  38  3:46  Zealot  
  44  4:13  Probe (Chrono Boost)  
  44  4:15  Assimilator  
  45  4:17  Probe (Chrono Boost)  
  45  4:18  Assimilator  
  47  4:24  Probe (Chrono Boost)  
  47  4:25  Dark Shrine  
  47  4:28  Probe (Chrono Boost)  
  48  4:34  Probe (Chrono Boost)  
  50  4:38  Probe (Chrono Boost)  
  50  4:42  Stalker x2  
  54  4:46  Pylon  
  54  5:04  Forge, Probe x2 (Chrono Boost)  
  56  5:08  Forge  
  56  5:11  Gateway  
  56  5:12  Gateway  
  56  5:15  Probe x2 (Chrono Boost)  
  58  5:25  Stalker, Probe (Chrono Boost)  
  61  5:42  Pylon  
  61  5:45  Pylon  
  61  5:49  Pylon  
  61  5:52  Pylon x2  
  61  5:56  Protoss Ground Weapons Level 1, Protoss Ground Armor Level 1  
  61  6:03  Probe (Chrono Boost)  
  62  6:04  Probe (Chrono Boost)  
  62  6:08  Dark Templar x2  
  62  6:09  Dark Templar x2  
  71  6:12  Dark Templar  
  71  6:13  Probe (Chrono Boost)  
  71  6:15  Probe (Chrono Boost)  
  75  6:29  Probe (Chrono Boost)  
  75  6:30  Probe (Chrono Boost)  
  77  6:34  Blink  
  78  6:40  Probe (Chrono Boost)  
  78  6:41  Probe (Chrono Boost)  
  78  6:42  Templar Archives  
  79  6:47  Photon Cannon  
  79  6:53  Photon Cannon  
  75  6:55  Photon Cannon  
  75  7:13  Stalker x4  
  75  7:14  Stalker  
  85  7:43  Archon  
  85  7:46  Dark Templar, Nexus  
  85  7:48  Stalker  
  85  7:49  Stalker x2, Pylon  
  85  7:50  Stalker  
  95  7:55  Archon  
  95  8:16  Zealot x2  
  95  8:17  Zealot x2  
  95  8:19  Protoss Ground Weapons Level 2  
  103  8:24  Charge  
  102  8:42  Pylon  
  102  8:43  Pylon  
  102  8:46  Pylon  
  102  8:59  Stargate  
  102  9:01  Stargate  
  102  9:03  Pylon  
  102  9:05  Pylon  
  102  9:08  Zealot x4  
  102  9:09  Zealot  
  64  9:47  Dark Templar  
  64  9:48  Dark Templar x4  
  74  9:59  Void Ray  
  78  10:05  Void Ray  
  82  10:28  Nexus  
  81  10:40  Zealot x3  
  81  10:41  Zealot  
Tags
 
Add a new tag
Caveats
  • Supply blocks, unpowered buildings, or Contaminate may cause inaccurate times.
  • Supply counts are checked every 10 seconds.